 Dungeon Crawl Stone Soup version 0.27-a0-652-g2d5cf1dcd3 (webtiles) character file.

Game seed: 8443067881764598696

14877 Gaff the Fighter (level 12, -50/132 HPs)
             Began as an Ogre Warper on Mar 16, 2021.
             Was an Elder of Ashenzari.
             Annihilated by an enormous slime creature (80 damage)
             ... on level 12 of the Dungeon.
             The game lasted 01:01:31 (15871 turns).

Gaff the Fighter (Ogre Warper)                     Turns: 15871, Time: 01:01:31

Health: -50/132    AC:  7    Str: 28    XL:     12   Next: 21%
Magic:  20/20      EV: 16    Int: 14    God:    Ashenzari [****..]
Gold:   858        SH:  0    Dex:  8    Spells: 10/22 levels left

rFire    . . .     SeeInvis +   D - +5 mace of Supernal Wisdom {Melee, Alch} (curse)
rCold    . . .     Faith    .   (no shield)
rNeg     . . .     Spirit   .   B - +0 steam dragon scales of Ashenzari's Vexation {Range, Elem} (curse)
rPois    .         Reflect  .   (helmet restricted)
rElec    .         Harm     .   o - +0 cloak "Cursed Ennui" {Evo, Elem} (curse)
rCorr    .         Rampage  .   (gloves unavailable)
Will     +....     Clarity  +   (boots unavailable)
Stlth    +.........             q - amulet "Enigmatic Anxiety" {Regen+, Comp, Bglg} (curse)
HPRegen  1.32/turn              v - +4 ring of evasion
MPRegen  0.17/turn              R - ring of Ashenzari's Disgust {Str+6, Melee, Alch} (curse)

@: no status effects
A: large, unfitting armour, tough skin 1
a: Renounce Religion, Curse Item, Shatter the Chains


You were on level 12 of the Dungeon.
You worshipped Ashenzari.
Ashenzari was greatly pleased with you.
You visited 2 branches of the dungeon, and saw 13 of its levels.

You collected 939 gold pieces.
You spent 81 gold pieces at shops.

Inventory:

Hand Weapons
 b - a +0 giant club
 l - a +1 dagger of draining
 p - a +1 spear of freezing
 w - the +7 spear "Uhaicoa" {vorpal, rN+ Str+3 Int+7 Dex-5}
   (You found it on level 5 of the Dungeon)

   It inflicts extra damage upon your enemies.
   It affects your strength (+3).
   It affects your intelligence (+7).
   It affects your dexterity (-5).
   It protects you from negative energy.
 C - a +0 flail
 D - the cursed +5 mace of Supernal Wisdom (weapon) {Melee, Alch}
   (You took it off a wight on level 8 of the Dungeon)

   It has a curse placed upon it.
 V - a +0 dire flail
 Y - a +0 giant spiked club
Missiles
 e - 5 boomerangs of dispersal
 r - 94 poisoned darts (quivered)
 y - 4 atropa-tipped darts
 G - 3 datura-tipped darts
 J - 19 boomerangs
 X - a curare-tipped dart
Armour
 o - the cursed +0 cloak "Cursed Ennui" (worn) {Evo, Elem}
   (You found it on level 2 of the Dungeon)

   It has a curse placed upon it.
 x - a scarf of resistance
 B - the cursed +0 steam dragon scales of Ashenzari's Vexation (worn) {Range, Elem}
   (You found it on level 7 of the Dungeon)

   It has a curse placed upon it.
 E - a +1 robe of resistance
 W - +0 steam dragon scales
 Z - a +0 troll leather armour
Jewellery
 f - a +6 ring of intelligence
 q - the cursed amulet "Enigmatic Anxiety" (around neck) {Regen+, Comp, Bglg}
   (You found it on level 3 of the Dungeon)

   [amulet of regeneration]

   It increases your rate of regeneration.
   It has a curse placed upon it.
 s - a +6 ring of dexterity
 v - a +4 ring of evasion (right hand)
 R - the cursed ring of Ashenzari's Disgust (left hand) {Str+6, Melee, Alch}
   (You found it on level 10 of the Dungeon)

   [ring of strength]

   It affects your strength (+6).
   It has a curse placed upon it.
Wands
 a - a wand of flame (7)
 u - a wand of paralysis (16)
 I - a wand of digging (11)
 K - a wand of polymorph (10)
 N - a wand of charming (17)
 Q - a wand of acid (5)
Scrolls
 c - a scroll of enchant armour
 d - 3 scrolls of blinking
 i - 5 scrolls of magic mapping
 j - 6 scrolls of fear
 n - 2 scrolls of fog
 A - 3 scrolls of amnesia
 H - 2 scrolls of teleportation
 M - a scroll of enchant weapon
Potions
 h - 4 potions of curing
 m - a potion of cancellation
 t - a potion of ambrosia
 z - 3 potions of heal wounds
 L - 2 potions of might
 O - a potion of flight
 S - 3 potions of brilliance
 T - a potion of berserk rage
 U - a potion of lignification


   Skills:
 - Level 12.0 Fighting
 + Level 9.5(12.8) Maces & Flails
 - Level 1.0(2.3) Throwing
 + Level 9.6 Dodging
 + Level 5.8 Spellcasting
 + Level 7.0(9.3) Translocations
 - Level 3.6(5.7) Evocations


You had 10 spell levels left.
You knew the following spells:

 Your Spells              Type           Power      Damage    Failure   Level
a - Blink                 Tloc           N/A        N/A       1%          2
b - Teleport Other        Tloc           30%        N/A       1%          3
c - Manifold Assault      Tloc           30%        N/A       3%          4
d - Lesser Beckoning      Tloc           15%        N/A       1%          3

Your spell library contained the following spells:

 Spells                   Type           Power      Damage    Failure   Level
 Gell's Gravitas          Tloc           15%        N/A       1%          3
 Confusing Touch          Hex            4%         N/A       41%         3
 Petrify                  Tmut/Erth      5%         N/A       78%         4
 Metabolic Englaciation   Hex/Ice        2%         N/A       98%         5
 Yara's Violent Unravell  Hex/Tmut       2%         3d3       98%         5


Dungeon Overview and Level Annotations

Branches:
Dungeon (12/15)            Temple (1/1) D:6            Lair (0/6) D:10
    Orc (0/2) D:10

Altars:
Ashenzari
Cheibriados
Dithmenos
Elyvilon
Fedhas
Gozag
Hepliaklqana
Kikubaaqudgha
Makhleb
Nemelex Xobeh
Okawaru
Qazlal
Ru
Sif Muna
Trog
Uskayaw
Vehumet
Wu Jian
Xom
Yredelemnul
Zin
The Shining One

Shops:
D:9 (   D:10 *([   D:12 *

Annotations:
D:2 1 runed translucent door, Crazy Yiuf
D:6 3 runed translucent doors, Azunone's ghost, novice GnWn
D:8 exclusion: orange crystal statue
D:9 2 exclusions


Innate Abilities, Weirdness & Mutations

You are too large for most types of armour.
You have tough skin. (AC +1)


Message History

The large slime creature is moderately wounded.
A slime creature suddenly becomes a large slime creature.
You see here a quokka corpse.
You sock the large slime creature!
The large slime creature is moderately wounded.
The large slime creature hits you.
You hit the large slime creature.
The large slime creature is moderately wounded.
Two slime creatures merge to form a very large slime creature.
You sock the very large slime creature!
The very large slime creature is moderately wounded.
You sock the very large slime creature!
The very large slime creature is moderately wounded.
The very large slime creature hits you!!
You hit the very large slime creature.
The very large slime creature is moderately wounded.
The very large slime creature hits you!!
You hit the very large slime creature.
The very large slime creature is moderately wounded.
You hit the very large slime creature.
The very large slime creature is moderately wounded.
The very large slime creature misses you.
You hit the very large slime creature.
The very large slime creature is moderately wounded.
The very large slime creature barely misses you.
Two slime creatures merge to form an enormous slime creature.
You barely miss the enormous slime creature.
The enormous slime creature is moderately wounded.
The slime creature quivers.
You thump the enormous slime creature!
The enormous slime creature is moderately wounded.
You barely miss the enormous slime creature.
The enormous slime creature is moderately wounded.
The enormous slime creature hits you!!!
* * * LOW HITPOINT WARNING * * *
Things that are here:
a +0 halberd; a +0 plate armour The enormous slime creature hits you!!!!
Ouch! That really hurt!
You die...

#####..####.#####..<###.##
...†..#####.#####...###.##
######## #..####....###.##
####### #..###..##..##.## ##
#.V##..####...<## ###
#.....#####{..### ####
###....########## .###
###..##..##...## ..##
####.####J@.....# #.##
####>######J.###.#
#.######.######...####.#*** *
..#####..#####.###)## ..,,.####
.#####..#####.####.### #. ....##
#####..#####.#####.##### *#*....#
####..#####.######..#########....
##...#####.#### ##..†...####.....
^..#######.### #........J.......


You could see an enormous slime creature, a slime creature and a vampire.

Vanquished Creatures
  4 two-headed ogres
  Nergalle (D:11)
  2 unseen horrors
  A manticore (D:11)
  A kobold demonologist (D:11)
  2 trolls
  13 yaks
  3 wraiths
  3 steam dragons
  3 water moccasins
  8 orc warriors
  2 black bears
  2 ice beasts
  6 necrophages
  A sky beast (D:11)
  3 centaurs
  4 ogres
  3 phantoms
  5 kobold brigands
  9 bullfrogs
  2 scorpions
  A wyvern skeleton (D:10)
  11 killer bees
  16 wights
  A howler monkey (D:11)
  2 centaur zombies
  A quasit (D:9)
  A bullfrog zombie (D:10)
  2 hounds (D:9)
  3 jellies
  2 centaur skeletons (D:10)
  6 orc priests
  A bullfrog skeleton (D:9)
  4 iguanas
  8 orc wizards
  14 worker ants
  A killer bee zombie (D:8)
  2 hound zombies
  A hound skeleton (D:11)
  A mummy (D:8)
  A worker ant zombie (D:8)
  8 adders
  A shadow imp (D:6)
  5 white imps
  2 ufetubi
  4 oozes
  An adder zombie (D:7)
  4 adder skeletons
  3 worms
  A dart slug (D:1)
  9 leopard geckos
  40 orcs
  3 ball pythons
  A bat (D:1)
  3 giant cockroaches
  6 goblins
  3 hobgoblins
  10 jackals
  8 quokkas
  7 frilled lizards
  A giant cockroach zombie (D:5)
  13 kobolds
  A quokka zombie (D:8)
  9 rats
300 creatures vanquished.

Vanquished Creatures (others)
  A steam dragon (D:7)
  37 fungi (D:10)
  39 plants (D:10)
  2 withered plants (D:8)
79 creatures vanquished.

Grand Total: 379 creatures vanquished

Notes
Turn   | Place    | Note
-------+----------+-------------------------------------------
     0 | D:1      | Gaff the Ogre Warper began the quest for the Orb.
     0 | D:1      | Reached XP level 1. HP: 22/22 MP: 3/3
   197 | D:1      | Reached skill level 3 in Fighting
   270 | D:1      | Reached XP level 2. HP: 31/31 MP: 5/5
   614 | D:1      | Reached XP level 3. HP: 30/37 MP: 6/6
  1507 | D:2      | Found a runed translucent door.
  1508 | D:2      | Noticed Crazy Yiuf
  1738 | D:2      | Reached XP level 4. HP: 48/48 MP: 7/7
  2160 | D:2      | Found a broken altar of Ashenzari.
  2319 | D:2      | Became a worshipper of Ashenzari the Shackled
  2580 | D:3      | Reached skill level 4 in Fighting
  2637 | D:3      | Found a sparkling altar of Nemelex Xobeh.
  2641 | D:3      | Found an opulent altar of Gozag.
  2641 | D:3      | Noticed a water moccasin
  2655 | D:3      | Killed a water moccasin
  2656 | D:3      | Reached XP level 5. HP: 17/55 MP: 8/8
  2937 | D:3      | Found a burning altar of Makhleb.
  4104 | D:4      | Reached skill level 5 in Fighting
  4179 | D:4      | Reached XP level 6. HP: 66/66 MP: 9/9
  4228 | D:4      | Found a radiant altar of Vehumet.
  4409 | D:4      | Reached XP level 7. HP: 53/74 MP: 10/10
  4597 | D:4      | Reached skill level 6 in Fighting
  4644 | D:4      | Reached * piety under Ashenzari
  4763 | D:5      | Entered Level 5 of the Dungeon
  4780 | D:5      | Found a shimmering blue altar of Sif Muna.
  4856 | D:5      | Found a shimmering altar of Xom.
  5023 | D:5      | Identified the +7 spear "Uhaicoa" {vorpal, rN+ Str+3 Int+7
                  | Dex-5}
  5166 | D:6      | Reached ** piety under Ashenzari
  5351 | D:6      | Found a runed translucent gate.
  5353 | D:6      | Found a runed translucent gate.
  5354 | D:6      | Found a runed translucent gate.
  5356 | D:6      | Noticed Azunone's ghost (novice GnWn)
  5587 | D:6      | Found a snail-covered altar of Cheibriados.
  6019 | D:7      | Reached skill level 7 in Fighting
  6019 | D:7      | Reached skill level 5 in Dodging
  6107 | D:7      | Reached XP level 8. HP: 58/86 MP: 11/11
  6133 | D:7      | Learned a level 2 spell: Blink
  6200 | D:7      | Reached skill level 5 in Maces & Flails
  6334 | D:7      | Reached *** piety under Ashenzari
  6488 | D:7      | Learned a level 3 spell: Teleport Other
  6493 | D:7      | Learned a level 4 spell: Manifold Assault
  6820 | D:7      | HP: 2/66 [orc priest/divine providence (14)]
  7229 | D:6      | Reached skill level 8 in Fighting
  7324 | D:6      | Found a staircase to the Ecumenical Temple.
  7336 | Temple   | Entered the Ecumenical Temple
  7695 | D:7      | Reached XP level 9. HP: 74/97 MP: 12/12
  7734 | D:7      | Learned a level 3 spell: Lesser Beckoning
  8076 | D:7      | Found a shadowy altar of Dithmenos.
  8185 | D:7      | Found a stormy altar of Qazlal.
  8448 | D:7      | Reached skill level 9 in Fighting
  9147 | D:8      | Reached skill level 5 in Translocations
  9627 | D:8      | Noticed an orange crystal statue
  9728 | D:8      | Reached XP level 10. HP: 96/100 MP: 11/13
 10087 | D:8      | Reached skill level 10 in Fighting
 10711 | D:9      | Noticed a two-headed ogre
 10922 | D:9      | Found Iriskud's Weapon Boutique.
 11025 | D:9      | Found a sacrificial altar of Ru.
 11025 | D:9      | Found a glowing golden altar of the Shining One.
 11190 | D:9      | Identified the +4 helmet "Riosiria" {rElec rC- Regen+
                  | Str+4}
 11233 | D:9      | Killed a two-headed ogre
 11234 | D:9      | Reached skill level 1 in Evocations
 11477 | D:9      | Found a blossoming altar of Fedhas.
 11677 | D:10     | Entered Level 10 of the Dungeon
 11683 | D:10     | Found Upiv's General Store.
 12277 | D:9      | Reached skill level 11 in Fighting
 12389 | D:9      | Reached XP level 11. HP: 70/120 MP: 14/14
 12628 | D:10     | Bought a potion of brilliance for 48 gold pieces
 12737 | D:10     | Found Japs's Weapon Shoppe.
 12738 | D:10     | Found a staircase to the Orcish Mines.
 12740 | D:10     | Found Ackyzxot's Armour Shoppe.
 12934 | D:10     | Found a staircase to the Lair.
 13081 | D:10     | Noticed a sea snake
 13435 | D:11     | Noticed Nergalle
 13459 | D:11     | Killed Nergalle
 13652 | D:11     | Noticed a manticore
 13666 | D:11     | Killed a manticore
 13667 | D:11     | Reached skill level 12 in Fighting
 14131 | D:11     | Reached **** piety under Ashenzari
 14149 | D:11     | Noticed an unseen horror
 14157 | D:11     | Killed an unseen horror
 14448 | D:11     | Noticed a two-headed ogre
 14487 | D:11     | Killed a two-headed ogre
 14513 | D:11     | Noticed a two-headed ogre
 14527 | D:11     | Killed a two-headed ogre
 14528 | D:11     | Reached skill level 5 in Spellcasting
 14657 | D:11     | Reached XP level 12. HP: 92/132 MP: 19/19
 15184 | D:12     | Noticed a two-headed ogre
 15206 | D:12     | Killed a two-headed ogre
 15269 | D:12     | Found Salimy's Assorted Antiques.
 15275 | D:12     | Bought a scroll labelled IJANTE EDOCE for 33 gold pieces
 15871 | D:12     | Annihilated by an enormous slime creature

Illustrated notes

Levels and vault maps discovered:
D:1:      tarquinn_simple_flora_water_e, layout_loops_cross,
          minmay_misc_feat_ornament
D:2:      layout_basic, lemuel_coloured_pillars_altar, uniq_crazy_yiuf_cottage
D:3:      layout_basic, grunt_temple_overflow_diamond, minmay_misc_feat_encased
D:4:      layout_basic, overflow_temple_1_default
D:5:      layout_basic, lemuel_doored_altar, tgw_xom, hangedman_decor_opposing
D:6:      layout_layer_cave, slow_altar_1, minmay_temple_entry_fiery,
          ebering_ghost_rock_garden
D:7:      cheibrodos_steamvent, layout_layer_cave, grunt_dithmenos_shadows,
          nicolae_qazlal_general_emergency
D:8:      layout_loops_corners, serial_undead, serial_undead_b, serial_undead_f,
          serial_undead_a, serial_undead_f, serial_undead_b, serial_undead_a,
          roderic_filled_cross, disabler_island
D:9:      layout_basic, fedhas_altar_1, gammafunk_temple_overflow_statue,
          serial_shops, shop
D:10:     layout_rooms, due_lair_maze_entry_diamond, orc_david_3,
          serial_aquarium, aquarium_bridge_island_small
          [aquarium_subvault_small_water, aquarium_subvault_wall,
          aquarium_subvault_bridge, aquarium_subvault_wall,
          aquarium_subvault_window], aquarium_bridge_square
          [aquarium_subvault_bridge, aquarium_subvault_wall,
          aquarium_subvault_bridge, aquarium_subvault_wall],
          aquarium_window_corridor_2, aquarium_window_fake, aquarium_window_1,
          aquarium_window_1, aquarium_view_2f, aquarium_balcony_1b,
          aquarium_pool_corner, serial_shops, shop
D:11:     layout_small_grid, uniq_nergalle
D:12:     layout_layer_cave, serial_shops,
          nicolae_shop_temple_entry_statues_fountains, kennysheep_pointless_box
Temple:   eino_temple_lava

Skill      XL: |  1  2  3  4  5  6  7  8  9 10 11 12 |
---------------+-------------------------------------+-----
Fighting       | 3 4 5 7 8 9 11 12 | 12.0
Maces & Flails | 2 3 4 5 7 8 9 |  9.5
Dodging        | 3 4 5 7 8 9 |  9.6
Translocations | 4 5 6 7 |  7.0
Evocations     | 3 |  3.6
Spellcasting   | 5 |  5.8
Throwing       | |  1.0

Action                   |  1- 3 |  4- 6 |  7- 9 | 10-12 || total
-------------------------+-------+-------+-------+-------++-------
Melee: Mace              |   119 |   163 |   692 |   802 ||  1776
Throw: Dart              |       |     3 |     7 |     3 ||    13
 Cast: Teleport Other    |       |       |     3 |     9 ||    12
       Blink             |       |       |     2 |     5 ||     7
       Manifold Assault  |       |       |       |    12 ||    12
       Lesser Beckoning  |       |       |       |     3 ||     3
Invok: Curse Item        |       |     1 |     3 |     3 ||     7
       Shatter the Chain |       |       |     1 |     1 ||     2
  Use: Potion            |       |     1 |       |       ||     1
       Scroll            |       |       |     3 |     1 ||     4
 Stab: Sleeping          |       |       |     3 |     1 ||     4
Armor: Robe              |    29 |    32 |    42 |       ||   103
       Steam dragon scal |       |       |    51 |   161 ||   212
Dodge: Dodged            |    72 |    88 |   640 |   661 ||  1461

Table legend: (Time is in decaauts)
 A = Elapsed time spent in this place.
 B = Non-inter-level travel time spent in this place.
 C = Inter-level travel time spent in this place.
 D = Time resting spent in this place.
 E = Time spent auto-exploring this place.
 F = Levels seen in this place.
 G = Mean time per level.
                   A        B        C        D        E       F      G
               +--------+--------+--------+--------+--------+-----+--------+
         Total |  15987 |  15103 |    884 |   3395 |   5959 |  13 | 1229.8 |
       Dungeon |  15921 |  15043 |    878 |   3395 |   5901 |  12 | 1326.8 |
        Temple |     65 |     59 |      6 |      0 |     58 |   1 |   65.0 |
               +--------+--------+--------+--------+--------+-----+--------+

Top non-repeatable levels by time:
     D:7: 2569 daAuts
     D:9: 2078 daAuts
    D:11: 1547 daAuts
     D:2: 1544 daAuts
     D:8: 1451 daAuts
     D:3: 1344 daAuts
     D:1: 1255 daAuts
     D:6: 1255 daAuts
    D:12: 884 daAuts
     D:4: 730 daAuts
    D:10: 723 daAuts
     D:5: 536 daAuts
  Temple: 65 daAuts
